Map: [ESL] Moondance

Players

ReBellioN

  • Race: Protoss Protoss
  • Spawn Location: 6:00

Astrea - Winner!

  • Race: Protoss Protoss
  • League: Grandmaster
  • Spawn Location: 12:00

VOD

Have the link to the VOD?

Description

Time

  • Played on: Oct. 22, 2022, 6:27 a.m.
  • Length: 10:10
Show
View Real Time Build Order
Export as new Build Order

ReBellioN Protoss 

Build Orders: Oracle Opening 

Get SALT Encoding   

  12  0:00  Probe  
  13  0:12  Probe  
  14  0:16  Pylon  
  14  0:24  Probe (Chrono Boost)  
  15  0:36  Probe (Chrono Boost)  
  15  0:37  Gateway  
  16  0:45  Probe (Chrono Boost)  
  16  0:47  Assimilator  
  17  0:51  Probe  
  17  0:56  Assimilator  
  18  1:03  Probe (Chrono Boost)  
  19  1:15  Probe (Chrono Boost)  
  19  1:18  Gateway  
  20  1:23  Probe (Chrono Boost)  
  21  1:26  Cybernetics Core  
  21  1:29  Probe  
  22  1:39  Pylon  
  22  1:41  Probe  
  23  1:57  Probe  
  24  2:03  Stalker  
  24  2:05  Stalker  
  24  2:08  Warp Gate  
  28  2:17  Pylon  
  28  2:21  Probe  
  29  2:29  Stargate  
  29  2:37  Adept  
  29  2:38  Adept  
  29  2:43  Probe  
  34  3:06  Nexus  
  34  3:12  Oracle (Chrono Boost)  
  34  3:18  Probe  
  38  3:28  Pylon  
  38  3:32  Probe  
  37  3:47  Oracle  
  38  3:56  Shield Battery, Stalker x2  
  42  4:13  Shield Battery  
  42  4:19  Stalker x2  
  46  4:26  Probe  
  47  4:38  Stalker x2  
  45  4:44  Probe  
  41  5:00  Stalker x2  
  41  5:02  Probe  
  41  5:03  Probe  
  43  5:19  Stalker  
  45  5:23  Stalker  
  45  5:29  Probe x2  
  46  5:40  Stalker  
  48  5:47  Stalker  
  44  5:58  Probe x2  
  44  6:06  Twilight Council  
  44  6:08  Stalker  
  44  6:10  Probe  
  47  6:11  Pylon  
  47  6:20  Stalker  
  45  6:26  Probe x2  
  45  6:31  Shield Battery  
  47  6:35  Stalker  
  47  6:38  Probe x2  
  51  6:45  Blink (Chrono Boost)  
  51  6:50  Probe  
  51  6:53  Assimilator  
  52  7:02  Stalker  
  52  7:05  Probe  
  55  7:08  Gateway  
  55  7:10  Forge, Stalker  
  55  7:15  Probe  
  58  7:23  Nexus  
  58  7:27  Probe x2  
  60  7:35  Stalker  
  62  7:49  Protoss Ground Weapons Level 1 (Chrono Boost)  
  62  7:50  Stalker  
  61  7:52  Probe  
  61  7:53  Pylon  
  61  7:56  Assimilator  
  62  8:11  Probe x2  
  62  8:12  Stalker x2  
  68  8:16  Photon Cannon  
  68  8:18  Nexus  
  68  8:22  Robotics Facility  
  68  8:23  Probe x2  
  70  8:29  Pylon  
  70  8:36  Stalker  
  70  8:39  Probe x3 (Chrono Boost)  
  75  8:43  Stalker  
  75  8:46  Stalker  
  81  8:51  Probe x2 (Chrono Boost)  
  81  8:52  Probe (Chrono Boost)  
  81  8:54  Gateway  
  82  9:01  Stalker  
  69  9:20  Pylon  
  69  9:22  Immortal (Chrono Boost)  
  69  9:31  Stalker  
  69  9:34  Probe (Chrono Boost)  
  72  9:43  Stalker x2  
  77  9:50  Stalker  
Show
View Real Time Build Order
Export as new Build Order

Astrea Protoss - Winner!

Build Orders: Phoenix Opening 

Get SALT Encoding   

  12  0:00  Probe  
  13  0:12  Probe  
  14  0:16  Pylon  
  14  0:24  Probe (Chrono Boost)  
  15  0:36  Gateway, Probe (Chrono Boost)  
  16  0:43  Probe (Chrono Boost)  
  16  0:45  Assimilator  
  17  0:51  Probe  
  17  0:53  Assimilator  
  18  1:03  Probe (Chrono Boost)  
  19  1:06  Gateway  
  20  1:12  Probe (Chrono Boost)  
  20  1:17  Probe (Chrono Boost)  
  20  1:23  Cybernetics Core  
  21  1:29  Probe  
  22  1:34  Pylon  
  22  1:41  Probe  
  23  1:53  Probe  
  24  1:56  Warp Gate (Chrono Boost)  
  24  1:59  Stalker  
  24  2:00  Sentry  
  28  2:05  Probe  
  29  2:08  Pylon  
  29  2:28  Stalker  
  29  2:29  Sentry  
  33  2:33  Phoenix  
  33  2:44  Nexus  
  33  2:48  Probe  
  34  2:56  Stalker  
  36  3:00  Sentry  
  38  3:05  Pylon  
  38  3:08  Probe  
  39  3:23  Shield Battery, Probe  
  40  3:35  Shield Battery, Probe  
  39  3:43  Stalker x2  
  41  3:52  Probe  
  40  3:57  Probe  
  41  4:04  Probe, Stalker x2  
  41  4:09  Probe  
  48  4:21  Stalker  
  48  4:23  Stalker  
  52  4:31  Shield Battery  
  47  4:43  Probe x2  
  47  4:55  Stalker x2  
  47  4:59  Probe x2  
  50  5:13  Probe  
  51  5:19  Stalker x2  
  55  5:26  Probe  
  56  5:29  Probe  
  57  5:37  Twilight Council  
  57  5:46  Probe  
  54  5:50  Stalker x2  
  54  5:54  Probe  
  59  6:02  Probe  
  58  6:07  Gateway  
  58  6:09  Nexus  
  58  6:10  Robotics Facility  
  54  6:27  Stalker x2  
  54  6:29  Probe x2, Blink (Chrono Boost)  
  54  6:31  Assimilator  
  60  6:41  Probe  
  60  6:44  Probe  
  62  6:53  Pylon  
  62  7:01  Pylon  
  62  7:11  Probe (Chrono Boost)  
  62  7:12  Observer, Probe (Chrono Boost)  
  62  7:14  Shield Battery, Stalker x2  
  69  7:16  Pylon  
  69  7:20  Stalker  
  69  7:22  Pylon  
  74  7:24  Probe x2 (Chrono Boost)  
  74  7:27  Probe (Chrono Boost)  
  74  7:29  Probe (Chrono Boost)  
  74  7:30  Probe (Chrono Boost)  
  74  7:33  Probe  
  77  7:38  Probe  
  77  7:39  Pylon  
  77  7:40  Stalker x2  
  80  7:50  Probe x3  
  80  7:51  Observer (Chrono Boost)  
  84  7:58  Gateway  
  84  8:00  Gateway x2  
  84  8:04  Gateway  
  84  8:06  Stalker x3  
  84  8:10  Observer  
  90  8:12  Forge  
  90  8:18  Pylon  
  90  8:24  Nexus  
  90  8:33  Stalker x3  
  96  8:39  Assimilator  
  96  8:42  Probe x2  
  96  8:44  Pylon  
  98  8:51  Probe  
  99  8:57  Pylon  
  99  9:00  Stalker x4  
  99  9:02  Probe  
  104  9:13  Probe  
  104  9:17  Probe  
  106  9:23  Stalker x2  
  106  9:24  Stalker x4  
  118  9:26  Probe  
  119  9:32  Probe x2  
  119  9:35  Photon Cannon  
  121  9:39  Probe  
  121  9:41  Shield Battery  
  123  9:45  Probe  
  123  9:47  Probe  
  123  9:51  Stalker x5  
Tags
 
Add a new tag
Caveats
  • Supply blocks, unpowered buildings, or Contaminate may cause inaccurate times.
  • Supply counts are checked every 10 seconds.